 Dungeon Crawl Stone Soup version 0.28-a0-1594-ga885d4b3d6 (webtiles) character file.

Game seed: 1078750429529046322

225512 vineage the Slayer (level 18, -1/192 HPs)
             Began as a Minotaur Fighter on Jan 20, 2022.
             Was the Champion of Okawaru.
             Slain by Arachne (9 damage)
             ... on level 2 of the Spider Nest.
             The game lasted 00:48:07 (40050 turns).

vineage the Slayer (Minotaur Fighter)              Turns: 40050, Time: 00:48:08

Health: -1/192     AC: 21    Str: 29 (30) XL:     18   Next: 62%
Magic:  30/31      EV:  7    Int:  4 (9)  God:    Okawaru [******]
Gold:   2822       SH:  0    Dex: 20 (22) Spells: 17/17 levels left

rFire   + . .      SeeInvis .   Z - +8 mithril axe "Arga" {speed, Will+}
rCold   . . .      Faith    .   Q - +5 buckler of the Wasteland {Drain +Inv rElec Regen+}
rNeg    . . .      Spirit   .   i - +4 scale mail of Taatutaz {-Tele rF+ Dex+7}
rPois   +          Reflect  +   C - +1 hat {Stlth+}
rElec   +          Harm     .   (no cloak)
rCorr   .          Rampage  .   L - +0 pair of gloves
Will    +++++      Clarity  +   f - +0 pair of boots of Liberalism {rPois Str+2 Int+2}
Stlth   +++....... NoTele   +   J - amulet of the Cockroach {Reflect Contam rElec Int+2 SH+5}
HPRegen 1.22/turn               o - ring "Ziytel" {Will+++ MP+9 Str-2 Slay+5}
MPRegen 0.22/turn               r - +6 ring of strength

@: lethally poisoned (-1 -> -2), heroic, held, slowed, very slow
A: horns 2, retaliatory headbutt, clarity, sense surroundings 1
}: 1/15 runes: decaying
a: Renounce Religion, Evoke Invisibility, Heroism, Finesse, Duel


You were on level 2 of the Spider Nest.
You worshipped Okawaru.
Okawaru was exalted by your worship.
You visited 7 branches of the dungeon, and saw 33 of its levels.

You collected 3647 gold pieces.
You spent 825 gold pieces at shops.

Inventory:

Hand Weapons
 B - the +10 hand axe of Zaum {speed, rElec rF+ rC++}
   (You found it on level 7 of the Dungeon)

   Attacks with this weapon are significantly faster.
   rF:        It protects you from fire.
   rC:        It greatly protects you from cold.
   rElec:     It insulates you from electricity.
 S - the +3 whip of Noon {vorpal, rF+}
   (You found it on level 5 of the Lair of Beasts)

   It inflicts extra damage upon your enemies.
   rF:        It protects you from fire.
 Z - the +8 mithril axe "Arga" (weapon) {speed, Will+}
   (Okawaru gifted it to you on level 2 of the Elven Halls)

   Attacks with this weapon are significantly faster.
   Will:      It increases your willpower.
Armour
 f - the +0 pair of boots of Liberalism (worn) {rPois Str+2 Int+2}
   (You found it on level 15 of the Dungeon)

   Str:       It affects your strength (+2).
   Int:       It affects your intelligence (+2).
   rPois:     It protects you from poison.
 i - the +4 scale mail of Taatutaz (worn) {-Tele rF+ Dex+7}
   (You took it off a deep elf master archer on level 3 of the Elven Halls)

   Dex:       It affects your dexterity (+7).
   rF:        It protects you from fire.
   -Tele:     It prevents most forms of teleportation.
 C - a +1 hat of stealth (worn)
 H - a +0 tower shield of resistance
 L - a +0 pair of gloves (worn)
 Q - the +5 buckler of the Wasteland (worn) {Drain +Inv rElec Regen+}
   (Okawaru gifted it to you on level 4 of the Lair of Beasts)

   rElec:     It insulates you from electricity.
   +Inv:      It lets you turn invisible.
   Regen:     It increases your rate of health regeneration.
   Drain:     It drains your maximum health when unequipped.
 T - the +0 chain mail of the Thunderstorm {Dex+4}
   (Okawaru gifted it to you on level 6 of the Lair of Beasts)

   Dex:       It affects your dexterity (+4).
 X - the +1 pair of boots of Camadeo {Regen+}
   (Okawaru gifted it to you on level 14 of the Dungeon)

   Regen:     It increases your rate of health regeneration.
Jewellery
 j - a +4 ring of protection
 k - a ring of protection from fire
 o - the ring "Ziytel" (left hand) {Will+++ MP+9 Str-2 Slay+5}
   (You bought it in a shop on level 2 of the Orcish Mines)

   [ring of magical power]

   Str:       It affects your strength (-2).
   Slay:      It affects your accuracy & damage with ranged weapons and melee
   (+5).
   MP:        It affects your magic capacity (+9).
   Will:      It greatly increases your willpower.
 p - a +4 ring of evasion
 q - a ring of resist corrosion
 r - a +6 ring of strength (right hand)
 w - an amulet of the acrobat
 y - a +6 ring of strength
 J - the amulet of the Cockroach (around neck) {Reflect Contam rElec Int+2 SH+5}
   (You took it off a deep elf pyromancer on level 3 of the Elven Halls)

   [amulet of reflection]

   It reflects blocked missile attacks.
   Int:       It affects your intelligence (+2).
   rElec:     It insulates you from electricity.
   Contam:    It causes magical contamination when unequipped.
   SH:        It affects your SH (+5).
 W - a +6 ring of dexterity
Wands
 c - a wand of digging (7)
Scrolls
 g - 4 scrolls of blinking
 s - a scroll of fear
 t - 2 scrolls of torment
 u - 16 scrolls of identify
 v - 3 scrolls of enchant armour
 x - 10 scrolls of teleportation
 D - 6 scrolls of amnesia
 G - 7 scrolls of enchant weapon
 K - 2 scrolls of holy word
 N - a scroll of silence
 P - 2 scrolls of fog
 V - 2 scrolls of brand weapon
Potions
 a - a potion of cancellation
 b - 3 potions of resistance
 d - 2 potions of might
 e - 6 potions of brilliance
 h - 3 potions of flight
 l - 3 potions of haste
 m - 3 potions of berserk rage
 z - 6 potions of curing
 E - 3 potions of heal wounds
 F - 2 potions of invisibility
 I - a potion of magic
 M - a potion of ambrosia
 R - 2 potions of lignification
 U - 3 potions of attraction


   Skills:
 - Level 24.6(27) Fighting
 + Level 20.3(25.3) Axes
 - Level 17.4(22.4) Armour
 - Level 17.5(22.5) Shields
 - Level 7.3 Invocations


You had 17 spell levels left.
You didn't know any spells.
Your spell library contained the following spells:

 Spells                   Type           Power      Damage    Failure   Level
 Foxfire                  Conj/Fire      0%         2x1d4     65%         1
 Freeze                   Ice            0%         1d3       65%         1
 Magic Dart               Conj           0%         1d3       65%         1
 Pain                     Necr           0%         1d4       65%         1
 Sting                    Tmut/Pois      0%         1d3       65%         1
 Ensorcelled Hibernation  Hex/Ice        0%         N/A       80%         2
 Passwall                 Tmut/Erth      0%         N/A       80%         2
 Poisonous Vapours        Pois/Air       0%         N/A       80%         2
 Sublimation of Blood     Necr           0%         N/A       80%         2
 Conjure Flame            Conj/Fire      0%         6-21      95%         3
 Frozen Ramparts          Ice            0%         1d2       95%         3
 Gell's Gravitas          Tloc           0%         N/A       95%         3
 Inner Flame              Hex/Fire       0%         N/A       95%         3
 Lesser Beckoning         Tloc           0%         N/A       95%         3
 Mephitic Cloud           Conj/Pois/Air  0%         N/A       95%         3
 Ozocubu's Armour         Ice            0%         N/A       95%         3
 Portal Projectile        Hex/Tloc       0%         N/A       95%         3
 Stone Arrow              Conj/Erth      0%         3d7       95%         3
 Swiftness                Air            0%         N/A       95%         3
 Teleport Other           Tloc           0%         N/A       95%         3
 Vampiric Draining        Necr           0%         2d6       95%         3
 Cause Fear               Hex            0%         N/A       100%        4
 Flame Wave               Conj/Fire      0%         2d4       100%        4
 Hailstorm                Conj/Ice       0%         3d3       100%        4
 Olgreb's Toxic Radiance  Pois           0%         N/A       100%        4
 Petrify                  Tmut/Erth      0%         N/A       100%        4
 Alistair's Intoxication  Tmut/Pois      0%         N/A       100%        5
 Blade Hands              Tmut           0%         N/A       100%        5
 Excruciating Wounds      Necr           0%         N/A       100%        5
 Irradiate                Conj/Tmut      0%         3d13      100%        5
 Manifold Assault         Tloc           0%         N/A       100%        5
 Metabolic Englaciation   Hex/Ice        0%         N/A       100%        5
 Dragon Form              Tmut           0%         N/A       100%        7
 Storm Form               Tmut/Air       0%         N/A       100%        7
 Discord                  Hex            0%         N/A       100%        8
 Lehudib's Crystal Spear  Conj/Erth      0%         10d2      100%        8
 Maxwell's Capacitive Co  Air            0%         ∞         100%        8
 Necromutation            Tmut/Necr      0%         N/A       100%        8
 Animate Skeleton         Necr           Unusable   N/A       N/A         1
 Call Imp                 Summ           Unusable   N/A       N/A         2
 Call Canine Familiar     Summ           Unusable   N/A       N/A         3
 Animate Armour           Summ/Erth      Unusable   N/A       N/A         4
 Summon Lightning Spire   Summ/Air       Unusable   N/A       N/A         4
 Simulacrum               Ice/Necr       Unusable   N/A       N/A         6
 Haunt                    Necr/Summ      Unusable   N/A       N/A         7
 Summon Horrible Things   Summ           Unusable   N/A       N/A         8

Dungeon Overview and Level Annotations

Branches:
Dungeon (15/15)            Temple (1/1) D:6            Lair (6/6) D:11
  Swamp (4/4) Lair:4       Spider (2/4) Lair:3        Slime (0/5) Lair:5
    Orc (2/2) D:10            Elf (3/3) Orc:2        Vaults (0/5) D:14
 Depths (0/4) D:15

Altars:
Ashenzari
Cheibriados
Dithmenos
Elyvilon
Fedhas
Gozag
Hepliaklqana
Kikubaaqudgha
Makhleb
Nemelex Xobeh
Okawaru
Qazlal
Ru
Sif Muna
Trog
Uskayaw
Vehumet
Wu Jian
Xom
Yredelemnul
Zin
The Shining One
Beogh
Jiyva

Shops:
D:9 !   D:12 !   D:15 (?   Orc:2 =?(:   Elf:2 *[[(?   Elf:3 [

Annotations:
Spider:2 Arachne
Elf:1 6 runed translucent doors


Innate Abilities, Weirdness & Mutations

You have a pair of horns on your head.
You reflexively headbutt those who attack you in melee.
You possess an exceptional clarity of mind.
You passively map a small area around you.


Message History

The torpor snail misses you. You furiously retaliate!
You headbutt the torpor snail.
You gain the combat prowess of a mighty hero.
You feel very sick.
Arachne's staff shoots out a stream of webbing.
The stream of webbing hits you but does no damage.
You are caught in a web!
Arachne hits you with a staff of poison.
* * * LOW HITPOINT WARNING * * *
Arachne envenoms you.
* * * LOW HITPOINT WARNING * * *
You are more poisoned.
The torpor snail closely misses you.
You struggle to detach yourself from the web.
You feel very sick.
Arachne hits you with a staff of poison!
* * * LOW HITPOINT WARNING * * *
Arachne envenoms you.
* * * LOW HITPOINT WARNING * * *
Arachne hits you but does no damage. Arachne envenoms you.
* * * LOW HITPOINT WARNING * * *
The torpor snail bites you but does no damage.
Arachne hits you but does no damage. Arachne envenoms you!
* * * LOW HITPOINT WARNING * * *
You feel much better.
You feel sick.
Arachne hits you with a staff of poison!
* * * LOW HITPOINT WARNING * * *
The torpor snail bites you but does no damage.
Arachne hits you but does no damage. Arachne envenoms you!
* * * LOW HITPOINT WARNING * * *
You feel much better.
You feel sick.
Arachne hits you with a staff of poison!
* * * LOW HITPOINT WARNING * * *
Arachne envenoms you!
* * * LOW HITPOINT WARNING * * *
You are more poisoned.
The torpor snail bites you.
* * * LOW HITPOINT WARNING * * *
Arachne hits you with a staff of poison!
You die...

, * ###....# ,
##.##...# , , ,
###.......# ,
##.#.......#
##..........# ,
#......(....# *
##...........# ,
#............# ,
,##.^.†@......# *
,, ###.wH......#
, , *##..^.#...#
*...............#
,
..........^....#
*
.w......####...#
,.^...#..^* ...#
,* #...##... ,
.## ,, .... .#..,
, ^


You could see Arachne and a torpor snail.

Vanquished Creatures
  Nikola (Spider:1)
  Jorgrun (D:12)
  3 deep elf blademasters (Elf:2)
  Rupert (Lair:4)
  2 deep elf master archers
  Gastronok (D:7)
  Agnes (D:15)
  Frances (D:14)
  A thorn hunter (Swamp:4)
  An emperor scorpion (D:15)
  Louise (D:15)
  8 deep elf sorcerers
  A ghost moth (Spider:2)
  2 deep elf elementalists
  4 ghouls
  An ironbound preserver (D:14)
  An entropy weaver (Spider:1)
  2 eleionomae
  6 bunyips
  4 deep elf demonologists
  A dire elephant (D:15)
  11 deep elf annihilators
  6 deep elf death magi
  Josephine (D:15)
  A shambling mangrove (Swamp:4)
  Fannar (D:11)
  3 boulder beetles
  3 deep elf high priests
  A rakshasa (D:15)
  4 ghost crabs
  30 hydras
  6 alligators
  4 centaur warriors
  3 death yaks (Lair:6)
  8 two-headed ogres
  8 tengu warriors
  31 dancing weapons
  3 orc high priests
  12 deep elf knights
  Nergalle (D:12)
  Sonja (D:13)
  2 spriggan druids
  7 goliath frogs
  A pharaoh ant (Spider:1)
  An orb spider (Spider:1)
  A steelbarb worm (Spider:1)
  Pikel (D:8)
  5 bog bodies
  A wizard (D:10)
  7 swamp dragons (Swamp:4)
  15 deep elf archers
  4 harpies (D:14)
  9 orc knights
  21 deep elf pyromancers
  8 cyclopes
  20 deep elf zephyrmancers
  An oklob plant (Lair:6)
  2 orc sorcerers (Orc:2)
  5 wolf spiders
  4 manticores
  12 ugly things
  A will-o-the-wisp (Swamp:3)
  8 black mambas
  The ghost of sanka the Insei, a novice GnMo (D:4)
  2 gargoyles
  A torpor snail (Lair:3)
  9 cane toads
  An unseen horror (D:12)
  A demonic crawler (Spider:2)
  An efreet (D:14)
  4 rime drakes
  14 komodo dragons
  4 kobold demonologists
  12 tyrant leeches
  3 trolls
  2 tarantellas (Spider:1)
  11 hornets
  6 polar bears (Lair:6)
  14 blink frogs
  A meliai zombie (D:10)
  5 dream sheep
  10 culicivoras (Spider:1)
  2 jumping spiders (Spider:1)
  22 spriggans
  4 slime creatures (D:13)
  3 air elementals
  2 wyverns
  A fire elemental (Elf:1)
  5 water elementals
  40 yaks
  6 wraiths
  A human (shapeshifter) (D:13)
  2 steam dragons
  5 basilisks
  11 vampire mosquitoes
  14 redbacks (Spider:1)
  12 wargs
  15 swamp worms
  20 water moccasins
  2 acid dragons
  7 swamp drakes (Swamp:4)
  48 orc warriors
  2 sky beasts (D:6)
  An ice beast (D:7)
  6 black bears
  9 necrophages
  2 ogres (Orc:2)
  5 centaurs
  4 boggarts
  21 wolves (Lair:6)
  2 lemures (D:8)
  2 phantoms
  6 kobold brigands
  5 earth elementals
  8 bullfrogs
  3 gnoll sergeants
  3 scorpions
  8 killer bees
  19 wights
  7 howler monkeys
  10 electric eels
  2 centaur zombies
  5 hounds
  A bullfrog skeleton (D:3)
  A gnoll shaman (D:8)
  14 orc priests
  3 jellies
  A centaur skeleton (D:3)
  3 iguanas
  31 orc wizards
  4 hell rats (Lair:5)
  2 hound skeletons
  27 gnolls
  9 adders
  A white imp (D:6)
  3 ufetubi
  3 worms
  A dart slug (D:4)
  90 orcs
  14 ball pythons
  4 bats
  6 endoplasms
  5 giant cockroaches
  4 goblins
  7 hobgoblins
  12 jackals
  16 kobolds
  4 quokkas
  5 frilled lizards
  5 rats
1048 creatures vanquished.

Vanquished Creatures (others)
  An eleionoma (Swamp:3)
  Nessos (Lair:4)
  2 alligators (Swamp:3)
  A bloated husk (Swamp:3)
  2 redbacks (Spider:1)
  An orc (Elf:1)
  75 fungi
  72 plants
155 creatures vanquished.

Grand Total: 1203 creatures vanquished

Notes
Turn   | Place    | Note
-------+----------+-------------------------------------------
     0 | D:1      | vineage the Minotaur Fighter began the quest for the Orb.
     0 | D:1      | Reached XP level 1. HP: 19/19 MP: 0/0
    22 | D:1      | Reached skill level 4 in Fighting
    22 | D:1      | Reached XP level 2. HP: 23/27 MP: 1/1
   517 | D:1      | Reached XP level 3. HP: 34/34 MP: 2/2
   911 | D:2      | Found a faded altar of an unknown god.
  1951 | D:3      | Reached XP level 4. HP: 41/41 MP: 3/3
  2038 | D:3      | Reached skill level 5 in Fighting
  2039 | D:3      | Found a sparkling altar of Nemelex Xobeh.
  2041 | D:3      | Found a blossoming altar of Fedhas.
  2432 | D:3      | Reached XP level 5. HP: 49/50 MP: 4/4
  2721 | D:3      | Reached skill level 6 in Fighting
  2736 | D:3      | Gained mutation: You possess an exceptional clarity of
                  | mind. [potion of mutation]
  2736 | D:3      | Gained mutation: You passively map a small area around you.
                  | [potion of mutation]
  2743 | D:4      | Reached skill level 5 in Armour
  2743 | D:4      | Reached skill level 5 in Shields
  2759 | D:3      | Reached XP level 6. HP: 36/58 MP: 5/5
  3547 | D:4      | Noticed sanka's ghost (novice GnMo)
  3553 | D:4      | Found a runed translucent door.
  4027 | D:4      | Killed sanka's ghost
  4028 | D:4      | Reached skill level 7 in Fighting
  4028 | D:4      | Reached XP level 7. HP: 27/67 MP: 6/6
  4224 | D:5      | Entered Level 5 of the Dungeon
  4254 | D:5      | Reached skill level 8 in Fighting
  5039 | D:5      | Reached XP level 8. HP: 74/77 MP: 7/7
  5050 | D:5      | Reached skill level 9 in Fighting
  5476 | D:6      | Found a staircase to the Ecumenical Temple.
  5492 | Temple   | Entered the Ecumenical Temple
  5820 | D:6      | Found a broken altar of Ashenzari.
  5837 | D:6      | Reached skill level 10 in Fighting
  6278 | D:6      | Noticed a troll
  6286 | D:6      | Killed a troll
  6287 | D:6      | Reached XP level 9. HP: 25/86 MP: 3/8
  6564 | D:6      | Reached skill level 11 in Fighting
  7386 | D:7      | Found an iron altar of Okawaru.
  7718 | D:7      | Became a worshipper of Warmaster Okawaru
  8320 | D:7      | Reached skill level 12 in Fighting
  8643 | D:7      | Noticed a cyclops
  8643 | D:7      | Noticed a manticore
  8943 | D:7      | Killed a cyclops
  8943 | D:7      | Reached * piety under Okawaru
  9131 | D:7      | Noticed a cyclops
  9140 | D:7      | Killed a cyclops
  9141 | D:7      | Reached XP level 10. HP: 78/100 MP: 5/9
  9185 | D:7      | Killed a manticore
  9185 | D:7      | Reached ** piety under Okawaru
  9186 | D:7      | Reached skill level 13 in Fighting
  9207 | D:7      | Identified the +10 hand axe of Zaum {speed, rElec rF+ rC++}
  9731 | D:8      | Noticed Gastronok
  9747 | D:7      | Killed Gastronok
  9747 | D:7      | Reached *** piety under Okawaru
  9748 | D:7      | Reached skill level 10 in Armour
  9748 | D:7      | Reached skill level 10 in Shields
 10044 | D:8      | Noticed Pikel
 10067 | D:8      | Killed Pikel
 10068 | D:8      | Reached skill level 5 in Axes
 11057 | D:9      | Reached **** piety under Okawaru
 11247 | D:9      | Reached XP level 11. HP: 102/107 MP: 8/10
 11680 | D:9      | Found Zilynot's Distillery.
 11688 | D:9      | Bought a potion of heal wounds for 55 gold pieces
 11869 | D:10     | Entered Level 10 of the Dungeon
 11869 | D:10     | Found a staircase to the Orcish Mines.
 11965 | D:10     | Found a shadowy altar of Dithmenos.
 12080 | D:10     | Reached ***** piety under Okawaru
 12380 | D:10     | Identified the +0 helmet "Ymunustran" {+Inv Dex+4}
 12534 | D:10     | Noticed a wizard
 12540 | D:10     | Killed a wizard
 12766 | D:10     | Noticed a tengu warrior
 12783 | D:10     | Noticed a tengu warrior
 12789 | D:10     | Killed a tengu warrior
 12790 | D:10     | Reached skill level 14 in Fighting
 12802 | D:10     | Killed a tengu warrior
 13264 | D:11     | Noticed a white ugly thing
 13302 | D:11     | Noticed a two-headed ogre
 13828 | D:11     | Identified the -2 pair of boots of Privacy {rPois rN++
                  | Will- Int+3} (Okawaru gifted it to you on level 11 of the
                  | Dungeon)
 13828 | D:11     | Received a gift from Okawaru
 13916 | D:11     | Noticed Fannar
 13934 | D:11     | Killed Fannar
 13994 | D:11     | Killed a white ugly thing
 14047 | D:11     | Killed a two-headed ogre
 14048 | D:11     | Reached skill level 10 in Axes
 14077 | D:11     | Found a staircase to the Lair.
 14428 | D:11     | Reached XP level 12. HP: 118/118 MP: 11/11
 14453 | D:11     | Noticed a two-headed ogre
 14468 | D:11     | Killed a two-headed ogre
 15018 | Lair:1   | Entered Level 1 of the Lair of Beasts
 15046 | Lair:1   | Identified the +0 robe "Yfuotim" {rElec} (Okawaru gifted it
                  | to you on level 1 of the Lair of Beasts)
 15046 | Lair:1   | Received a gift from Okawaru
 15443 | Lair:1   | Noticed a seven-headed hydra
 15751 | Lair:1   | Reached skill level 15 in Fighting
 16669 | Lair:2   | Reached skill level 1 in Invocations
 17617 | Lair:3   | Found a hole to the Spider Nest.
 17768 | Lair:3   | Noticed a five-headed hydra
 17791 | Lair:3   | Killed a 19-headed hydra
 17791 | Lair:3   | Received a gift from Okawaru
 17792 | Lair:3   | Reached XP level 13. HP: 35/127 MP: 12/14
 19019 | Lair:4   | Noticed Rupert
 19020 | Lair:4   | Found a staircase to the Swamp.
 19025 | Lair:4   | Identified the +5 buckler of the Wasteland {Drain +Inv
                  | rElec Regen+} (Okawaru gifted it to you on level 4 of the
                  | Lair of Beasts)
 19025 | Lair:4   | Received a gift from Okawaru
 19051 | Lair:4   | HP: 2/128 [Rupert (23)]
 19056 | Lair:4   | Killed Rupert
 19789 | Lair:4   | Noticed Nessos
 19809 | Lair:4   | Killed Nessos
 20399 | Lair:4   | Reached skill level 16 in Fighting
 20678 | Lair:5   | Found a staircase to the Slime Pits.
 20679 | Lair:5   | Found a viscous altar of Jiyva.
 21115 | Lair:5   | Identified the +3 whip of Noon {vorpal, rF+}
 21407 | Lair:6   | Entered Level 6 of the Lair of Beasts
 21452 | Lair:6   | Reached skill level 5 in Invocations
 21694 | Lair:6   | Reached skill level 15 in Axes
 21908 | Lair:6   | Reached ****** piety under Okawaru
 22057 | Lair:6   | Identified the +0 chain mail of the Thunderstorm {Dex+4}
                  | (Okawaru gifted it to you on level 6 of the Lair of Beasts)
 22057 | Lair:6   | Received a gift from Okawaru
 22094 | Lair:6   | Reached XP level 14. HP: 114/138 MP: 17/17
 22388 | Lair:6   | Reached skill level 17 in Fighting
 23538 | D:12     | Noticed Jorgrun
 23569 | D:12     | Killed Jorgrun
 23569 | D:12     | Received a gift from Okawaru
 23570 | D:12     | Reached skill level 18 in Fighting
 23822 | D:12     | Noticed Nergalle
 23830 | D:12     | Killed Nergalle
 24068 | D:12     | Found Xiogeck's Distillery.
 24548 | D:13     | Noticed Sonja
 24562 | D:13     | Killed Sonja
 24700 | D:13     | Reached skill level 19 in Fighting
 25299 | D:13     | You fall into a shaft and drop 2 floors!
 25299 | D:15     | Entered Level 15 of the Dungeon
 25376 | D:15     | Noticed Agnes
 25380 | D:15     | Noticed Louise
 25395 | D:15     | Killed Agnes
 25414 | D:15     | Killed Louise
 25436 | D:15     | Reached XP level 15. HP: 66/155 MP: 19/19
 25638 | D:14     | Reached skill level 20 in Fighting
 25937 | D:14     | Found a broken altar of Ashenzari.
 26176 | D:14     | Noticed Frances
 26206 | D:14     | Identified the +1 pair of boots of Camadeo {Regen+}
                  | (Okawaru gifted it to you on level 14 of the Dungeon)
 26206 | D:14     | Received a gift from Okawaru
 26221 | D:14     | Killed Frances
 26225 | D:14     | Reached skill level 21 in Fighting
 26368 | D:14     | Found a gate to the Vaults.
 26968 | D:15     | Found Elaet's Weapon Shop.
 26992 | D:15     | Identified the +0 pair of boots of Liberalism {rPois Str+2
                  | Int+2}
 27063 | D:15     | Found a staircase to the Depths.
 27067 | D:15     | Noticed an emperor scorpion
 27117 | D:15     | Killed an emperor scorpion
 27659 | D:15     | Reached skill level 22 in Fighting
 27839 | D:15     | Found Quw Tyuk's Magic Scroll Emporium.
 27949 | D:15     | Noticed Josephine
 27968 | D:15     | Killed Josephine
 28484 | Orc:1    | Entered Level 1 of the Orcish Mines
 28603 | Orc:2    | Entered Level 2 of the Orcish Mines
 28737 | Orc:2    | Found a staircase to the Elven Halls.
 29110 | Orc:2    | Received a gift from Okawaru
 29278 | Orc:2    | Found Ivaxuv's Antique Weapon Emporium.
 29325 | Orc:2    | Found Rioton's Book Shop.
 29454 | Orc:2    | Reached skill level 23 in Fighting
 29678 | Orc:2    | Found Catha's Jewellery Emporium.
 29735 | Orc:2    | Found Ziuti's Magic Scroll Shop.
 29736 | Orc:2    | Received a gift from Okawaru
 29889 | Orc:2    | Bought the ring "Ziytel" {Will+++ MP+9 Str-2 Slay+5} for
                  | 770 gold pieces
 30066 | Elf:1    | Entered Level 1 of the Elven Halls
 30072 | Elf:1    | Found a shimmering blue altar of Sif Muna.
 30314 | Elf:1    | Reached XP level 16. HP: 169/172 MP: 20/20
 30823 | Elf:1    | Paralysed by an air elemental for 1 turns
 30844 | Elf:1    | Identified the +0 leather armour of Midwinter {-Tele rC+
                  | Regen+ Int+8}
 30854 | Elf:1    | Reached skill level 24 in Fighting
 31199 | Elf:1    | Got the Guide on Cankerous Summoning
 31275 | Elf:1    | Found a runed translucent gate.
 31275 | Elf:1    | Found a runed translucent gate.
 31275 | Elf:1    | Found a runed translucent gate.
 31275 | Elf:1    | Found a runed translucent gate.
 31275 | Elf:1    | Found a runed translucent gate.
 31276 | Elf:1    | Noticed a shadow dragon
 31333 | Elf:1    | Found a runed translucent gate.
 31875 | Elf:2    | Found Xeuss's Antique Armour Boutique.
 32243 | Elf:2    | Found the +7 mace of Variability {chain chaos}
 32260 | Elf:2    | Found Ogap's Armour Boutique.
 32331 | Elf:2    | Found Xiacza's Magic Scroll Shoppe.
 32381 | Elf:2    | Found Votoaqer's Weapon Emporium.
 32530 | Elf:2    | Found Gedus's Gadget Gallery.
 32596 | Elf:2    | Found a runed translucent gate.
 32597 | Elf:2    | Found a runed translucent gate.
 32598 | Elf:2    | Found a runed translucent gate.
 32881 | Elf:2    | Received a gift from Okawaru
 32940 | Elf:2    | Received a gift from Okawaru
 32940 | Elf:2    | Found the +8 mithril axe "Arga" {speed, Will+}
 33219 | Elf:2    | Noticed a deep elf blademaster
 33232 | Elf:2    | Killed a deep elf blademaster
 33414 | Elf:3    | Entered Level 3 of the Elven Halls
 33675 | Elf:3    | Noticed a Brimstone Fiend
 33677 | Elf:3    | Reached XP level 17. HP: 109/183 MP: 21/21
 33677 | Elf:3    | Noticed a Hell Sentinel
 33806 | Elf:2    | Identified the +3 broad axe "Ilen Ged" {drain, rF+ Str+4}
                  | (Okawaru gifted it to you on level 2 of the Elven Halls)
 33806 | Elf:2    | Received a gift from Okawaru
 33992 | Elf:3    | Reached skill level 15 in Shields
 34000 | Elf:3    | Reached skill level 15 in Armour
 34008 | Elf:3    | Noticed a deep elf master archer
 34102 | Elf:3    | Noticed a deep elf blademaster
 34275 | Elf:2    | Killed a deep elf blademaster
 34314 | Elf:3    | Noticed a deep elf blademaster
 34422 | Elf:3    | Identified the amulet of the Cockroach {Reflect Contam
                  | rElec Int+2 SH+5}
 34430 | Elf:2    | Killed a deep elf master archer
 34436 | Elf:2    | Killed a deep elf blademaster
 34779 | Elf:3    | Received a gift from Okawaru
 34834 | Elf:3    | Identified the +4 scale mail of Taatutaz {-Tele rF+ Dex+7}
 34834 | Elf:3    | Noticed a deep elf master archer
 34837 | Elf:3    | Identified the +2 dire flail of the End of Times {chaos,
                  | rElec rPois Str+3}
 35025 | Elf:3    | Killed a deep elf master archer
 35177 | Elf:3    | Got the Incunabulum of Quantum Creation
 35498 | Elf:3    | Found Yjytwuoc's Armour Boutique.
 35512 | Elf:3    | Got Sif Muna's Volume of Transformation
 36378 | Lair:3   | Received a gift from Okawaru
 36404 | Swamp:1  | Entered Level 1 of the Swamp
 37190 | Swamp:2  | Received a gift from Okawaru
 37364 | Swamp:2  | Identified the +7 war axe of Dawn {drain, rC+ Int+4 Dex-5
                  | SInv}
 37731 | Swamp:3  | Reached XP level 18. HP: 192/192 MP: 22/22
 38314 | Swamp:4  | Entered Level 4 of the Swamp
 38521 | Swamp:4  | Received a gift from Okawaru
 39020 | Swamp:4  | Got a decaying rune of Zot
 39148 | Spider:1 | Entered Level 1 of the Spider Nest
 39255 | Spider:1 | Noticed Nikola
 39267 | Spider:1 | Killed Nikola
 40022 | Spider:2 | Noticed Arachne
 40048 | Spider:2 | HP: 1/192 [Arachne (10)]
 40050 | Spider:2 | Slain by Arachne

Illustrated notes

Levels and vault maps discovered:
D:1:      dpeg_arrival_long_road, layout_basic
D:2:      layout_basic, chequers_ecumenical_altar_island, grunt_ministairs_9
D:3:      layout_basic, chequers_temple_overflow_statue_of_worship
D:4:      layout_rooms, hellmonk_ghost_happy_afterlife, minmay_strange_pillars,
          minmay_misc_feat_x
D:5:      layout_basic
D:6:      layout_basic, kennysheep_mini, minmay_temple_entry_slanted,
          minmay_joined_circles
D:7:      minmay_blocky_corners, layout_layer_cave, okawaru_ov_weapons_minmay,
          minmay_crystal_room
D:8:      layout_rooms, kennysheep_path_1, uniq_pikel, uniq_gastronok
D:9:      layout_basic, serial_shops, nicolae_shop_hallway_stairs,
          minmay_misc_feat_square
D:10:     layout_loops_ring, mainiacjoe_overflow_chevrons, david_orc_3,
          serial_bayou, serial_bayou_shore_b, serial_bayou_ford_a,
          serial_bayou_lake_a, serial_bayou_pond_a
D:11:     layout_cross, due_lair_maze_entry_diamond, serial_rivers,
          chequers_serial_rivers_micro_a, chequers_serial_rivers_large_a,
          chequers_serial_rivers_room_b, chequers_serial_rivers_marsh,
          chequers_serial_rivers_micro_c, uniq_fannar
D:12:     layout_basic, minmay_crystal_water, nicolae_take_the_stairs,
          uniq_jorgrun, uniq_nergalle
D:13:     layout_rooms, uniq_sonja
D:14:     layout_loops_ring, skrybe_vaults_entry_preservation,
          nicolae_ashenzari_skybound, minmay_misc_feat_hallway,
          minmay_misc_feat_room, minmay_misc_feat_ornament, hangedman_aviary,
          uniq_frances
D:15:     hangedman_depths_entry_try_elsewhere_first, layout_basic,
          serial_shops, nicolae_shop_bloodbath_and_beyond,
          nicolae_shop_waterfront, uniq_agnes, uniq_louise, uniq_josephine
Temple:   minmay_crystal_spiral_temple
Lair:1:   layout_misc_corridors
Lair:2:   layout_long_grid
Lair:3:   layout_roguey, spider_nest_entry_web_field, roderic_carrion_pond,
          infiniplex_staircase_pool_2
Lair:4:   layout_hall_layers, skrybe_swamp_entry_bodies, grunt_megastairs_4,
          lemuel_fruit_tree, lemuel_fruit_fields, uniq_rupert, uniq_nessos
Lair:5:   layout_concentric_octagons, slime_altar_1, minmay_holes
Lair:6:   minmay_lair_end_enchanted_forest, layout_regular_city,
          serial_bayou_shore_b, grunt_megastairs_5
Swamp:1:  layout_basic_swamp, evilmike_swamp_ruin_house_4
Swamp:2:  layout_basic_swamp, hangedman_swamp_cone
Swamp:3:  layout_falls_marsh, evilmike_swamp_ruin_house_2
Swamp:4:  swamp, layout_basic_swamp, swamp_pool1, infiniplex_staircase_pool
Spider:1: layout_spider_delve, uniq_nikola
Spider:2: layout_spider_delve, uniq_arachne
Orc:1:    layout_caves, nicolae_shop_firing_range
Orc:2:    st_orc_town, layout_caves, guppyfry_library_mini
Elf:1:    layout_rooms, basic_altar, orc_legates,
          nicolae_elf_glass_and_crystal_pillar_2, minmay_misc_feat_five,
          patterned_corridor, lemuel_upstairs_altar
Elf:2:    nicolae_elf_blades_splatter_lattice
          [nicolae_blade_entry_diamond_columns], layout_geoelf_octagon,
          serial_shops, nicolae_shop_stone, nicolae_shop_behind_doors,
          nicolae_stop_n_shop_2, nicolae_shop_stone, nicolae_shop_gadgets
Elf:3:    grunt_elf_hall_branching, layout_onion_city, serial_shops,
          nicolae_diamond_shop, abandoned_shop, item_on_display_a

Skill      XL: |  1  2  3  4  5  6  7  8  9 10 11 12 13 14 15 16 17 18 |
---------------+-------------------------------------------------------+-----
Fighting       | 4 5 6 7 8 10 12 13 14 15 16 19 23 24 | 24.6
Armour         | 4 5 6 7 9 10 11 12 14 17 | 17.4
Shields        | 4 5 6 8 9 10 11 12 14 17 | 17.5
Axes           | 6 10 13 15 16 17 20 | 20.3
Invocations    | 3 6 7 |  7.3

Action                   |  1- 3 |  4- 6 |  7- 9 | 10-12 | 13-15 | 16-18 || total
-------------------------+-------+-------+-------+-------+-------+-------++-------
Melee: War axe           |    94 |   156 |   249 |     9 |       |       ||   508
       Headbutt          |    16 |    20 |    54 |   166 |   401 |   275 ||   932
       Hand axe          |       |       |       |   678 |  1348 |   300 ||  2326
       Whip              |       |       |       |       |   172 |   170 ||   342
       Broad axe         |       |       |       |       |       |   596 ||   596
Invok: Heroism           |       |       |       |     5 |    18 |    14 ||    37
       Finesse           |       |       |       |       |       |     1 ||     1
  Use: Scroll            |     4 |     3 |     4 |    13 |     6 |     3 ||    33
       Potion            |       |     2 |       |       |     4 |     3 ||     9
 Stab: Distracted        |       |       |       |       |       |     1 ||     1
Armor: Scale mail        |    47 |       |       |       |       |   251 ||   298
       Plate armour      |    17 |   156 |   179 |   370 |   441 |       ||  1163
       Chain mail        |       |       |       |       |    65 |    75 ||   140
Dodge: Dodged            |    56 |    69 |   104 |   149 |   229 |   217 ||   824
Block: Buckler           |    31 |    74 |    72 |       |   772 |   690 ||  1639
       Kite shield       |       |       |    56 |   376 |    57 |       ||   489
       Reflection        |       |       |       |       |    26 |    64 ||    90

Table legend: (Time is in decaauts)
 A = Elapsed time spent in this place.
 B = Non-inter-level travel time spent in this place.
 C = Inter-level travel time spent in this place.
 D = Time resting spent in this place.
 E = Time spent auto-exploring this place.
 F = Levels seen in this place.
 G = Mean time per level.
                   A        B        C        D        E       F      G
               +--------+--------+--------+--------+--------+-----+--------+
         Total |  38955 |  36138 |   2817 |  10324 |  19971 |  33 | 1180.5 |
       Dungeon |  19947 |  18529 |   1418 |   4544 |  11267 |  15 | 1329.8 |
        Temple |    228 |    144 |     84 |      0 |    129 |   1 |  228.0 |
          Lair |   8167 |   7542 |    625 |   2717 |   3830 |   6 | 1361.2 |
         Swamp |   2630 |   2418 |    212 |    343 |   1505 |   4 |  657.5 |
   Spider Nest |    862 |    826 |     36 |    274 |    379 |   2 |  431.0 |
  Orcish Mines |   1491 |   1386 |    105 |    306 |    764 |   2 |  745.5 |
   Elven Halls |   5629 |   5295 |    334 |   2139 |   2097 |   3 | 1876.3 |
               +--------+--------+--------+--------+--------+-----+--------+

Top non-repeatable levels by time:
   Elf:2: 2476 daAuts
     D:6: 2209 daAuts
     D:7: 2172 daAuts
  Lair:3: 2052 daAuts
    D:10: 1973 daAuts
   Elf:1: 1893 daAuts
  Lair:4: 1726 daAuts
    D:15: 1684 daAuts
  Lair:6: 1680 daAuts
     D:3: 1438 daAuts
    D:11: 1369 daAuts
   Orc:2: 1368 daAuts
     D:5: 1277 daAuts
   Elf:3: 1259 daAuts
    D:14: 1232 daAuts
